 Dungeon Crawl Stone Soup version 0.23.2-40-g277498a001 (webtiles) character file.

Game seed: 1128463513606983759

13111 Ponchio the Fighter (level 12, -7/78 HPs)
             Began as a Gargoyle Fighter on Oct 4, 2019.
             Was the Champion of Okawaru.
             Mangled by a komodo dragon (21 damage)
             ... on level 1 of the Lair of Beasts.
             The game lasted 01:13:50 (14272 turns).

Ponchio the Fighter (Gargoyle Fighter)             Turns: 14272, Time: 01:13:51

Health: -7/78      AC: 24    Str: 19    XL:     12   Next: 2%
Magic:  10/12      EV: 19    Int: 11    God:    Okawaru [******]
Gold:   627        SH: 14    Dex: 13    Spells: 11/11 levels left

rFire    . . .     SeeInvis .   a - +1 flail
rCold    + . .     Gourm    .   c - +1 shield
rNeg     + . .     Faith    .   y - +2 ring mail {rC+}
rPois    ∞         Spirit   .   K - +0 helmet
rElec    +         Reflect  .   k - +0 cloak
rCorr    .         Harm     .   b - +0 pair of gloves
MR       .....                  J - +0 pair of boots
Stlth    +++.......             (no amulet)
HPRegen  0.23/turn              w - ring of flight
MPRegen  0.13/turn              n - ring of stealth

@: heroism
A: negative energy resistance 1, electricity resistance, unbreathing,
petrification resistance, rot immunity, AC +8
a: Heroism, Finesse, Renounce Religion, Evoke Flight


You were on level 1 of the Lair of Beasts.
You worshipped Okawaru.
Okawaru was exalted by your worship.
You were not hungry.

You visited 3 branches of the dungeon, and saw 13 of its levels.
You also visited: Sewer and Ossuary.

You collected 627 gold pieces.

Inventory:

Hand Weapons
 a - a +1 flail (weapon)
 I - a +3 whip
 M - a +1 morningstar of crushing
Missiles
 d - 50 sling bullets
 B - 8 steel javelins (quivered)
Armour
 b - a +0 pair of gloves (worn)
 c - a +1 shield (worn)
 h - a +0 ring mail
 k - a +0 cloak (worn)
 q - a +0 pair of boots of flying
 y - a +2 ring mail of cold resistance (worn)
 J - a +0 pair of boots (worn)
 K - a +0 helmet (worn)
Jewellery
 g - an uncursed ring of fire
 n - a ring of stealth (right hand)
 u - an uncursed ring of fire
 w - a ring of flight (left hand)
 x - an uncursed ring of fire
 G - a +3 ring of intelligence {unknown}
 L - an uncursed ring of fire
 N - an uncursed amulet of regeneration {unknown}
 O - a cursed -3 ring of protection {unknown}
Wands
 i - a wand of disintegration (19)
 l - a wand of flame (44)
 p - a wand of enslavement (9)
 D - a wand of paralysis (11)
 F - a wand of scattershot (6)
Scrolls
 e - a scroll of fog
 j - 10 scrolls of remove curse
 m - a scroll of enchant weapon
 s - a scroll of amnesia
 v - 3 scrolls of teleportation
 H - 2 scrolls of identify
Potions
 o - 3 potions of flight
 r - 3 potions of agility
 t - 4 potions of brilliance
 z - 2 potions of haste
 A - 2 potions of magic
 C - 2 potions of might
 E - a potion of heal wounds
Comestibles
 f - 21 rations


   Skills:
 + Level 10.4(15.4) Fighting
 + Level 9.4(14.4) Maces & Flails
 - Level 7.5(12.5) Armour
 * Level 9.3(14.3) Dodging
 - Level 7.5(12.5) Shields


You had 11 spell levels left.
You didn't know any spells.
Your spell library contained the following spells:

 Spells                   Type           Power        Failure   Level  Hunger
 Summon Small Mammal      Summ           #...         58%         1    ##.....
 Call Imp                 Summ           #.......     73%         2    ###....
 Call Canine Familiar     Summ           #.......     91%         3    ####...
 Summon Guardian Golem    Hex/Summ       #.......     91%         3    ####...
 Summon Ice Beast         Ice/Summ       #.......     100%        4    #####..
 Summon Lightning Spire   Summ/Air       #.......     100%        4    #####..


Dungeon Overview and Level Annotations

Branches:
Dungeon (10/15)            Temple (0/1) D:7            Lair (2/6) D:10
    Orc (1/2) D:9
  Swamp: Lair:2-4    Shoals: Lair:2-4     Snake: Lair:2-4    Spider: Lair:2-4

Altars:
Ashenzari
Elyvilon
Fedhas
Okawaru
Uskayaw
Wu Jian
Xom

Shops:
D:10 ==

Annotations:
D:5 1 runed translucent door
Orc:1 Maurice


Innate Abilities, Weirdness & Mutations

You are resistant to torment.
Your stone body is resilient. (AC +8)
You are immune to poison.
You resist negative energy. (rN+)
You are resistant to electric shocks. (rElec)
You can survive without breathing.
You are immune to petrification.
You are immune to rotting.


Message History

You hit the komodo dragon.
The komodo dragon is lightly wounded.
You block the komodo dragon's attack.
You hit the komodo dragon.
The komodo dragon is moderately wounded.
The komodo dragon bites you!
* * * LOW HITPOINT WARNING * * *
You closely miss the komodo dragon.
The komodo dragon is moderately wounded.
The komodo dragon bites you but does no damage.
Okay, then.
You gain the combat prowess of a mighty hero.
The komodo dragon bites you!
* * * LOW HITPOINT WARNING * * *
You sock the komodo dragon!
The komodo dragon is moderately wounded.
You sock the komodo dragon!
The komodo dragon is heavily wounded.
The komodo dragon bites you!!
You die...

# #... ###....# ###
#.....##.#....# ..#
..#..###.....# ..##
.....####...# ...###
.#..## ##..# .....#
#.... ###
#..######...##
#.....P# #..^# ###
##.....###.>.###@###
####.........##.#l.##
# ##.........##....#
# ##...##P........##
## #.#.###.........#
.# ##........#.....#
.# #......(..###...#
(###..._$....##....#
..##.........###...#


You could see a komodo dragon.

Vanquished Creatures
  Harold (D:10)
  Erica (D:10)
  3 two-headed ogres
  A black mamba (Lair:1)
  Psyche (D:8)
  3 komodo dragons
  A troll (D:8)
  The ghost of n0isemaker the Slasher, an amateur BaFi (D:3)
  2 hornets
  2 hippogriffs
  5 yaks
  2 wyverns
  Grum (D:8)
  A warg (D:9)
  3 water moccasins
  A soldier ant (D:8)
  A porcupine (Lair:1)
  A sky beast (D:7)
  6 orc warriors
  8 ice beasts
  2 necrophages
  6 ogres
  A phantom (D:6)
  3 centaurs
  A crocodile (D:10)
  3 wolves
  An elf zombie (Ossuary)
  7 bullfrogs
  2 scorpions
  6 killer bees
  4 wights (D:6)
  5 howler monkeys
  4 crimson imps
  A quasit (D:10)
  A bullfrog zombie (D:7)
  A centaur zombie (D:9)
  4 hounds
  3 orc priests
  A centaur skeleton (D:5)
  7 orc wizards
  2 bullfrog skeletons
  Jessica (D:3)
  2 iguanas
  6 worker ants
  A killer bee zombie (D:7)
  3 big kobold zombies (Ossuary)
  A centaur simulacrum (D:4)
  A hound zombie (D:10)
  A hound skeleton (D:9)
  4 mummies (Ossuary)
  A worker ant zombie (D:7)
  12 adders
  8 gnolls
  2 howler monkey skeletons
  A river rat (D:5)
  A hound simulacrum (D:4)
  A shadow imp (D:8)
  A white imp (D:4)
  4 oozes (Sewer)
  3 adder zombies
  An adder skeleton (D:8)
  5 worms
  2 dart slugs
  11 leopard geckos
  51 orcs
  19 bats
  9 giant cockroaches
  2 gnoll zombies (Ossuary)
  6 goblins
  7 hobgoblins
  18 jackals
  3 quokkas
  4 ball pythons
  A ball python simulacrum (D:4)
  9 frilled lizards
  2 goblin zombies (Ossuary)
  A jackal skeleton (D:4)
  7 kobolds
  3 orc zombies (Ossuary)
  2 quokka skeletons
  16 rats
343 creatures vanquished.

Vanquished Creatures (others)
  3 fungi (Lair:1)
  30 plants (D:10)
33 creatures vanquished.

Grand Total: 376 creatures vanquished

Notes
Turn   | Place    | Note
-------+----------+-------------------------------------------
     0 | D:1      | Ponchio the Gargoyle Fighter began the quest for the Orb.
     0 | D:1      | Reached XP level 1. HP: 14/14 MP: 1/1
   125 | D:1      | Reached XP level 2. HP: 8/19 MP: 2/2
   853 | D:2      | Reached XP level 3. HP: 24/24 MP: 3/3
   946 | D:2      | Reached skill level 4 in Fighting
  1298 | D:2      | Found a shimmering altar of Xom.
  1299 | D:2      | Found a hide-covered altar of Uskayaw.
  1408 | D:2      | Reached XP level 4. HP: 30/30 MP: 4/4
  1662 | D:3      | Found a blossoming altar of Fedhas.
  1906 | D:3      | Noticed an orc warrior
  2203 | D:3      | Found a shattered altar of Ashenzari.
  2203 | D:3      | Found an iron altar of Okawaru.
  2207 | D:3      | Found an ornate altar of the Wu Jian Council.
  2289 | D:3      | Became a worshipper of Warmaster Okawaru
  2330 | D:3      | Noticed Jessica
  2332 | D:3      | Reached XP level 5. HP: 34/34 MP: 5/5
  2337 | D:3      | Killed Jessica
  2337 | D:3      | Reached skill level 5 in Fighting
  2349 | D:3      | Found a faded altar of an unknown god.
  2674 | D:3      | Killed an orc warrior
  2674 | D:3      | Reached XP level 6. HP: 29/40 MP: 6/6
  3256 | D:3      | Reached skill level 6 in Fighting
  3399 | D:4      | Reached skill level 5 in Maces & Flails
  3441 | D:4      | Reached * piety under Okawaru
  3547 | D:4      | Found a sand-covered staircase.
  3553 | Ossuary  | Entered an ossuary
  3590 | Ossuary  | Reached XP level 7. HP: 41/47 MP: 7/7
  4150 | D:4      | Reached skill level 7 in Fighting
  4286 | D:4      | Found a runed translucent gate.
  4287 | D:4      | Found a runed translucent gate.
  4288 | D:4      | Found a runed translucent gate.
  4327 | D:4      | Noticed n0isemaker's ghost (amateur BaFi)
  4784 | D:3      | Killed n0isemaker's ghost
  4784 | D:3      | Reached ** piety under Okawaru
  4784 | D:3      | Reached XP level 8. HP: 33/54 MP: 5/8
  5033 | D:5      | Entered Level 5 of the Dungeon
  5039 | D:5      | Found a white marble altar of Elyvilon.
  5039 | D:5      | Noticed an angel
  5040 | D:5      | Found a runed translucent door.
  5043 | D:5      | Reached skill level 8 in Fighting
  5111 | D:5      | Found a glowing drain.
  5125 | Sewer    | Entered a sewer
  5820 | D:5      | Reached skill level 1 in Dodging
  6504 | D:6      | Reached XP level 9. HP: 59/59 MP: 9/9
  6550 | D:6      | Reached skill level 5 in Armour
  6550 | D:6      | Reached skill level 5 in Shields
  6872 | D:6      | Reached *** piety under Okawaru
  7725 | D:7      | Noticed a two-headed ogre
  7785 | D:6      | Killed a two-headed ogre
  8185 | D:7      | Reached XP level 10. HP: 47/64 MP: 10/10
  8308 | D:7      | Found a staircase to the Ecumenical Temple.
  8463 | D:7      | Reached skill level 5 in Dodging
  8516 | D:7      | Reached **** piety under Okawaru
  9185 | D:8      | Noticed Psyche
  9215 | D:8      | Killed Psyche
  9586 | D:8      | Reached ***** piety under Okawaru
  9735 | D:8      | Noticed Grum
  9761 | D:8      | Killed Grum
 11368 | D:9      | Noticed a two-headed ogre
 11387 | D:9      | Killed a two-headed ogre
 11387 | D:9      | Reached skill level 9 in Fighting
 11387 | D:9      | Reached XP level 11. HP: 49/71 MP: 8/11
 11496 | D:9      | Found a staircase to the Orcish Mines.
 11648 | D:9      | Noticed a two-headed ogre
 11949 | D:9      | Killed a two-headed ogre
 12177 | Orc:1    | Entered Level 1 of the Orcish Mines
 12177 | Orc:1    | Noticed Maurice
 12250 | Orc:1    | Noticed an orc knight
 12528 | D:10     | Entered Level 10 of the Dungeon
 12528 | D:10     | Noticed Erica
 12529 | D:10     | Found Hatoh's Jewellery Shop.
 12550 | D:10     | Killed Erica
 12550 | D:10     | Received a gift from Okawaru
 12661 | D:10     | Noticed Harold
 12728 | D:10     | Reached ****** piety under Okawaru
 12749 | D:10     | Received a gift from Okawaru
 12796 | D:10     | Found a staircase to the Lair.
 13105 | D:10     | Found Dysuex Elet's Jewellery Shoppe.
 13205 | D:10     | Reached skill level 10 in Fighting
 13618 | D:10     | Killed Harold
 13682 | Lair:1   | Entered Level 1 of the Lair of Beasts
 13790 | Lair:1   | Found a shattered altar of Ashenzari.
 13873 | Lair:1   | You fall through a shaft!
 14133 | Lair:1   | Received a gift from Okawaru
 14149 | Lair:1   | Reached XP level 12. HP: 8/78 MP: 9/12
 14222 | Lair:1   | Found a gate leading to a gauntlet.
 14272 | Lair:1   | Mangled by a komodo dragon

Skill      XL: |  1  2  3  4  5  6  7  8  9 10 11 |
---------------+----------------------------------+-----
Fighting       | 4 5 6 7 8 9 10 | 10.4
Maces & Flails | 3 4 5 6 7 8 9 |  9.4
Dodging        | 2 4 7 9 |  9.3
Armour         | 4 7 |  7.5
Shields        | 4 7 |  7.5

Action                   |  1- 3 |  4- 6 |  7- 9 | 10-12 || total
-------------------------+-------+-------+-------+-------++-------
Melee: Flail             |   142 |   244 |   509 |   656 ||  1551
       Whip              |       |       |       |   225 ||   225
Invok: Heroism           |       |       |     3 |     7 ||    10
       Finesse           |       |       |       |     1 ||     1
Evoke: Wand              |       |     1 |       |     1 ||     2
  Use: Scroll            |     3 |     5 |    10 |    11 ||    29
       Potion            |       |     3 |    12 |     5 ||    20
 Stab: Sleeping          |       |       |     1 |       ||     1
       Distracted        |       |       |       |     1 ||     1
  Eat: Chunk             |     1 |     8 |     6 |     8 ||    23
       Ration            |       |       |     3 |     4 ||     7
Armor: Scale mail        |    41 |       |       |       ||    41
       Ring mail         |    48 |   181 |   262 |   384 ||   875
Dodge: Dodged            |    46 |    96 |   217 |   498 ||   857
Block: Shield            |    88 |   200 |   288 |   634 ||  1210
